 Dungeon Crawl Stone Soup version 0.17.1-1-g73c8601 (webtiles) character file.

49 Genom09 the Changer (level 3, 0/26 HPs)
             Began as a Merfolk Transmuter on Dec 21, 2015.
             Slain by a hobgoblin
             ... wielding a +0 club
              (7 damage)
             ... on level 2 of the Dungeon.
             The game lasted 00:03:22 (1305 turns).

Genom09 the Changer (Merfolk Transmuter)            Turns: 1305, Time: 00:03:22

Health: 0/26       AC:  3    Str: 11    XL:     3   Next: 75%
Magic:  5/6        EV: 13    Int: 12    God:
Gold:   44         SH:  0    Dex: 14    Spells: 3 memorised, 0 levels left

rFire  . . .     SeeInvis .       - Unarmed
rCold  . . .     Clarity  .     b - +0 robe
rNeg   . . .     SustAt   .     (no shield)
rPois  .         Gourm    .     (no helmet)
rElec  .         Spirit   .     (no cloak)
rCorr  +         Warding  .     (no gloves)
rMut   .         Stasis   .     h - +0 pair of boots
MR     .....                    e - amulet of resist corrosion
Stlth  +.........               (no ring)
                                (no ring)

@: appendage, not resistant to hostile enchantments, very unstealthy
A: change form in water, swift swim, horns 2
a: End Transformation


You were on level 2 of the Dungeon.
You were not hungry.
You had grown temporary horns.
You visited 1 branch of the dungeon, and saw 2 of its levels.

You collected 44 gold pieces.

Inventory:

Missiles
 a - 9 arrows
Armour
 b - a +0 robe (worn)
 h - a +0 pair of boots (worn)
Jewellery
 e - an amulet of resist corrosion (around neck)
Scrolls
 i - a scroll of blinking {unknown}
 j - a scroll of random uselessness {unknown}
 l - a scroll of remove curse {unknown}
 n - a scroll of fog {unknown}
Potions
 g - 2 potions of curing {unknown}
 k - a potion of beneficial mutation {unknown}
 m - a potion of agility {unknown}
Books
 c - a book of Changes

   Spells                             Type                      Level
   a - Beastly Appendage              Transmutation                1
   b - Sticks to Snakes               Transmutation                2
   c - Spider Form                    Transmutation/Poison         3
   d - Ice Form                       Ice/Transmutation            4
   e - Blade Hands                    Transmutation                5
Comestibles
 d - a bread ration
 f - 4 chunks of flesh
 o - a beef jerky


   Skills:
 - Level 1.1 Fighting
 - Level 2.6 Dodging
 - Level 3.2 Unarmed Combat
 - Level 2.0 Spellcasting
 + Level 5.3 Transmutations


You couldn't memorise any spells.
You knew the following spells:

 Your Spells              Type           Power        Failure   Level  Hunger
a - Beastly Appendage     Trmt           ##....       3%          1    ##.....
b - Sticks to Snakes      Trmt           ##........   6%          2    ###....
c - Spider Form           Trmt/Pois      #.........   30%         3    ####...


Dungeon Overview and Level Annotations

Branches:
Dungeon (2/15)

Altars:


Innate Abilities, Weirdness & Mutations

You revert to your normal form in water.
You are very nimble and swift while swimming.
You have a pair of horns on your head.


Message History

Your adder closely misses the hobgoblin.
You completely miss the hobgoblin. Your headbutt misses the hobgoblin.
The hobgoblin is severely wounded.
The hobgoblin hits you.
* * * LOW HITPOINT WARNING * * *
Your adder bites the hobgoblin.
The hobgoblin dies!
Your adder withers and dies!
You see here a club.
Your transformation is almost over.
Your horns disappear.
Some of the chunks of flesh in your inventory have rotted away.
A hobgoblin comes into view. It is wielding a club.
Casting: Beastly Appendage
Confirm with . or Enter, or press ? or * to list all spells.
You grow a pair of large bovine horns.
You hit the hobgoblin.
The hobgoblin is heavily wounded.
The hobgoblin hits you with a club!
You die...

#......)......#
#..#.##
#.#####..###..#
##..#.##
#........# #..#
#.......
#.#####..# #..#
#.##..##
#........# #..#
#.##....
#.#####.## #..#
#.###.##
#.......#
#..###.###.##
#.#####.#
#..........##
......g@#
##.###.######
#.#####.# #.#
#.# # ..# #.#
#.# # #.## #.#
#.# # #. #.#
#.# # #. #.#
#<# #. #.# #.#
## ..#


You could see a hobgoblin.

Vanquished Creatures
  An adder (D:2)
  An ooze (D:2)
  A giant gecko (D:1)
  A ball python (D:1)
  2 goblins
  4 hobgoblins
  3 bats
  2 giant newts
  2 kobolds (D:1)
  3 rats
20 creatures vanquished.

Vanquished Creatures (collateral kills)
  Ijyb (D:2)
  A hobgoblin (D:2)
  A goblin (D:2)
3 creatures vanquished.

Grand Total: 23 creatures vanquished

Notes
Turn   | Place    | Note
--------------------------------------------------------------
     0 | D:1      | Genom09 the Merfolk Transmuter began the quest for the Orb.
     0 | D:1      | Reached XP level 1. HP: 15/15 MP: 3/3
   407 | D:1      | Reached XP level 2. HP: 4/21 MP: 3/5
   420 | D:1      | Learned a level 2 spell: Sticks to Snakes
   945 | D:1      | Reached skill level 4 in Transmutations
  1145 | D:2      | Reached XP level 3. HP: 19/26 MP: 4/6
  1150 | D:2      | Learned a level 3 spell: Spider Form
  1234 | D:2      | Noticed Ijyb
  1250 | D:2      | Killed Ijyb
  1250 | D:2      | Reached skill level 5 in Transmutations
  1305 | D:2      | Slain by a hobgoblin

Action                   || total
-------------------------++-------
Melee: Unarmed           ||    68
 Cast: Beastly Appendage ||    17
       Sticks to Snakes  ||     3
 Stab: Sleeping          ||     1
  Eat: Chunk             ||     2
